 Dungeon Crawl Stone Soup version 0.31-a0-664-g902f515a81 (webtiles) character file.

Game seed: 13684248575518818397

4652 Vexal the Carver (level 10, 0/82 HPs)
             Began as a Gnoll Berserker on Sept 2, 2023.
             Was a High Priest of Trog.
             Succumbed to Amaemon's poison
             ... on level 8 of the Dungeon.
             The game lasted 00:45:07 (7313 turns).

Vexal the Carver (Gnoll Berserker)                  Turns: 7313, Time: 00:45:08

Health: 0/82       AC: 15    Str: 26    XL:     10   Next: 43%
Magic:  18/18      EV: 10    Int:  7    God:    Trog [*****.]
Gold:   444        SH:  0    Dex: 14    Spells: 19/19 levels left

rFire   . . .        M - +8 demon blade "Leech" {evervamp, Harm Drain rN+}
rCold   . . .        e - orb {*Rage}
rNeg    + . .        u - +0 plate armour
rPois   +            S - +0 helmet of the Cooper {rElec Str+2}
rElec   +            (no cloak)
rCorr   .            (no gloves)
SInv    +            a - +0 pair of boots of Disappointment {rElec rPois}
Will    .....        (no amulet) Stlth
                     J - ring of see invisible
HPRegen 0.33/turn    y - +6 ring of strength
MPRegen 0.16/turn

%: random rage (20%), harm (+30% outgoing, +20% incoming)
@: lethally poisoned (0 -> -4), on berserk cooldown, slowed, very slow
A: fangs 1, strong nose, distributed training
a: Renounce Religion, Berserk, Trog's Hand, Brothers in Arms


You were on level 8 of the Dungeon.
You worshipped Trog.
Trog was extremely pleased with you.
You visited 1 branch of the dungeon, and saw 9 of its levels.

You collected 444 gold pieces.

Inventory:

Hand Weapons
 p - a +0 dagger of draining
 M - the +8 demon blade "Leech" (weapon) {evervamp, Harm Drain rN+}
   (You took it off an orc on level 7 of the Dungeon)

   rN+:       It protects you from negative energy.
   Drain:     It drains your maximum health when unequipped.
   Harm:      It increases damage dealt and taken.
 Y - a +1 whip of electrocution
Missiles
 h - 45 stones
Armour
 a - the +0 pair of boots of Disappointment (worn) {rElec rPois}
   (You found it on level 9 of the Dungeon)

   rElec:     It insulates you from electricity.
   rPois:     It protects you from poison
 e - an orb of wrath (worn)
 u - a +0 plate armour (worn)
 S - the +0 helmet of the Cooper (worn) {rElec Str+2}
   (You took it off Robin on level 4 of the Dungeon)

   Str+2:     It affects your strength (+2).
   rElec:     It insulates you from electricity.
 W - a +2 leather armour of cold resistance
Jewellery
 b - a ring of poison resistance
 f - a ring of protection from cold
 x - a ring of willpower
 y - a +6 ring of strength (right hand)
 J - a ring of see invisible (left hand)
Talismans
 m - a blade talisman
 t - a flux talisman
 I - a serpent talisman
 K - a maw talisman
Scrolls
 i - a scroll of immolation
 k - 3 scrolls of vulnerability {unknown}
 l - 4 scrolls of teleportation
 n - a scroll of enchant weapon {unknown}
 o - 2 scrolls of torment {unknown}
 q - 2 scrolls of blinking {unknown}
 r - 6 scrolls of identify {unknown}
 s - a scroll of fear {unknown}
 A - 2 scrolls of revelation {unknown}
 F - 2 scrolls of brand weapon {unknown}
 O - a scroll of poison {unknown}
Potions
 c - a potion of resistance {unknown}
 d - a potion of degeneration {unknown}
 j - a potion of invisibility {unknown}
 w - 4 potions of heal wounds {unknown}
 z - a potion of enlightenment {unknown}
 B - 3 potions of mutation {unknown}
 H - a potion of haste {unknown}
 L - a potion of curing {unknown}
 N - a potion of ambrosia {unknown}
 T - a potion of cancellation {unknown}
 X - a potion of brilliance {unknown}


   Skills:
 + Level 8.5 Fighting
 + Level 5.3 Short Blades
 + Level 8.5 Long Blades
 + Level 5.3 Axes
 + Level 5.3 Maces & Flails
 + Level 5.3 Polearms
 + Level 5.3 Staves
 + Level 5.3 Ranged Weapons
 + Level 5.3 Throwing
 + Level 7.1 Armour
 + Level 7.1 Dodging
 + Level 5.3 Stealth
 + Level 5.3 Shields
 + Level 5.3 Unarmed Combat
 + Level 5.3 Spellcasting
 + Level 4.4 Conjurations
 + Level 4.4 Hexes
 + Level 4.4 Summonings
 + Level 4.4 Necromancy
 + Level 4.4 Translocations
 + Level 4.4 Transmutations
 + Level 4.4 Fire Magic
 + Level 4.4 Ice Magic
 + Level 4.4 Air Magic
 + Level 4.4 Earth Magic
 + Level 4.4 Poison Magic
 + Level 5.9 Invocations
 + Level 5.3 Evocations
 + Level 4.9 Shapeshifting


You had 19 spell levels left.
You didn't know any spells.
Your spell library contained the following spells:

 Spells                   Type           Power      Damage    Failure   Level
 Portal Projectile        Hex/Tloc       16%        N/A       83%         3
 Tukima's Dance           Hex            8%         N/A       83%         3
 Iskenderun's Mystic Bla  Conj/Tloc      8%         2d4       99%         4
 Summon Forest            Summ/Tloc      4%         N/A       100%        5
 Summon Mana Viper        Hex/Summ       8%         N/A       100%        5
 Summon Cactus Giant      Summ           4%         N/A       100%        6


Dungeon Overview and Level Annotations

Branches:
Dungeon (9/15)             Temple (0/1) D:7            Lair (0/5) D:8
    Orc: D:9-12

Altars:
Cheibriados
Nemelex Xobeh
Ru
Trog
Yredelemnul
Zin

Annotations:
D:8 2 transporters, Amaemon


Innate Abilities, Weirdness & Mutations

You have very sharp teeth.
Your uncanny sense of smell can sniff out nearby items.
Your experience applies equally to all skills.


Message History

* * * LOW HITPOINT WARNING * * *
Amaemon barely misses you. x2
Amaemon tail-slaps you but does no damage.
You slash Amaemon!
You feel better.
Amaemon is severely wounded.
Amaemon hits you with a +1 demon whip of venom.
* * * LOW HITPOINT WARNING * * *
Amaemon claws you.
* * * LOW HITPOINT WARNING * * *
Amaemon tail-slaps you.
* * * LOW HITPOINT WARNING * * *
You are lethally poisoned!
Amaemon poisons you! The orange demon closely misses you.
You slash Amaemon!
You feel better.
Amaemon is severely wounded.
You feel very sick.
Amaemon gestures wildly while chanting.
The orange demon barely misses you.
You barely miss Amaemon. You bite Amaemon.
Amaemon is almost dead.
You feel very sick. The orange demon stings you from afar!
* * * LOW HITPOINT WARNING * * *
Amaemon hits you but does no damage. Amaemon closely misses you.
Amaemon tail-slaps you but does no damage.
The scorpion stings you but does no damage.
Amaemon casts a spell.
The orange demon misses you.
You barely miss the scorpion.
* * * LOW HITPOINT WARNING * * *
You feel very sick.
The scorpion stings you but does no damage.
Amaemon points at the scorpion and mumbles some strange words.
The scorpion seems to grow toxic.
The scorpion barely misses you.
The orange demon stings you but does no damage.
The scorpion stings you.
* * * LOW HITPOINT WARNING * * *
You hit the scorpion.
The scorpion is lightly wounded.
You die...

##.## .... # #..##. #.
#..##.# #####.##..##.#
..........##.##
#...#...#######.
#.#)...ss64s....
#......s@#######
######.).)†.s........ .
#......)......#######
..##......###...#.......
..........# ##.##.######
..##..))..# #.##.#
..##...)..# #.##.#
..####.##.# #.##.######.
....##)##.# #...........


You could see Amaemon, an orange demon and 5 scorpions.

Vanquished Creatures
  A hornet (D:8)
  A yak (D:8)
  2 steam dragons
  5 water moccasins (D:8)
  An ice beast (D:7)
  5 orc warriors (D:8)
  A sky beast (D:7)
  4 black bears
  4 ogres
  2 centaurs
  3 kobold brigands
  6 bullfrogs
  3 scorpions
  The ghost of Age the Trooper, a weakling MiFi (D:3)
  A vampire bat (D:3)
  7 howler monkeys
  2 hounds
  5 orc priests
  A jelly (D:5)
  4 gnoll boudas
  A sleepcap (D:4)
  2 orc wizards
  3 iguanas
  Robin (D:4)
  5 adders
  13 gnolls
  A white imp (D:8)
  3 ufetubi
  3 worms
  4 dart slugs
  43 orcs
  8 endoplasms
  5 giant cockroaches
  19 goblins
  10 hobgoblins
  10 jackals
  24 kobolds
  5 quokkas
  8 ball pythons
  11 bats
  3 frilled lizards
  2 giant cockroach zombies (D:3)
  8 rats
251 creatures vanquished.

Notes
Turn   | Place    | Note
-------+----------+-------------------------------------------
     0 | D:1      | Vexal the Gnoll Berserker began the quest for the Orb.
     0 | D:1      | Reached XP level 1. HP: 23/23 MP: 1/1
    69 | D:1      | Reached XP level 2. HP: 19/29 MP: 2/2
   228 | D:1      | Reached XP level 3. HP: 20/35 MP: 3/3
   318 | D:1      | Reached ** piety under Trog
   495 | D:1      | Reached skill level 1 in Invocations
   847 | D:1      | Reached skill level 1 in Short Blades
   847 | D:1      | Reached skill level 1 in Axes
   847 | D:1      | Reached skill level 1 in Maces & Flails
   847 | D:1      | Reached skill level 1 in Polearms
   847 | D:1      | Reached skill level 1 in Staves
   847 | D:1      | Reached skill level 1 in Ranged Weapons
   847 | D:1      | Reached skill level 1 in Throwing
   847 | D:1      | Reached skill level 1 in Stealth
   847 | D:1      | Reached skill level 1 in Shields
   847 | D:1      | Reached skill level 1 in Unarmed Combat
   847 | D:1      | Reached skill level 1 in Spellcasting
   847 | D:1      | Reached skill level 1 in Evocations
  1045 | D:2      | Reached skill level 1 in Shapeshifting
  1045 | D:2      | Reached XP level 4. HP: 40/41 MP: 5/5
  1626 | D:2      | Reached skill level 1 in Conjurations
  1626 | D:2      | Reached skill level 1 in Hexes
  1626 | D:2      | Reached skill level 1 in Summonings
  1626 | D:2      | Reached skill level 1 in Necromancy
  1626 | D:2      | Reached skill level 1 in Translocations
  1626 | D:2      | Reached skill level 1 in Transmutations
  1626 | D:2      | Reached skill level 1 in Fire Magic
  1626 | D:2      | Reached skill level 1 in Ice Magic
  1626 | D:2      | Reached skill level 1 in Air Magic
  1626 | D:2      | Reached skill level 1 in Earth Magic
  1626 | D:2      | Reached skill level 1 in Poison Magic
  1833 | D:3      | Found a glowing silver altar of Zin.
  2044 | D:3      | Reached *** piety under Trog
  2466 | D:3      | Reached XP level 5. HP: 46/47 MP: 5/7
  2670 | D:3      | Found a runed translucent gate.
  2670 | D:3      | Found a runed translucent gate.
  2670 | D:3      | Found a runed translucent gate.
  2670 | D:3      | Noticed Age's ghost (weakling MiFi)
  2672 | D:3      | Found a basalt altar of Yredelemnul.
  2706 | D:3      | Killed Age's ghost
  2990 | D:4      | Reached XP level 6. HP: 47/53 MP: 8/8
  3089 | D:5      | Entered Level 5 of the Dungeon
  3289 | D:4      | Reached skill level 5 in Armour
  3289 | D:4      | Reached skill level 5 in Dodging
  3408 | D:4      | Identified the +0 helmet of the Cooper {rElec Str+2}
  3408 | D:4      | Noticed Robin
  3451 | D:4      | Killed Robin
  3775 | D:4      | Reached XP level 7. HP: 59/59 MP: 10/10
  4441 | D:5      | Reached **** piety under Trog
  4856 | D:5      | Reached XP level 8. HP: 67/67 MP: 12/12
  5118 | D:6      | You fall into a shaft and drop 1 floor!
  5451 | D:7      | Found a sparkling altar of Nemelex Xobeh.
  5714 | D:6      | Found a snail-covered altar of Cheibriados.
  5898 | D:6      | Reached XP level 9. HP: 61/73 MP: 14/14
  6082 | D:6      | Found a sacrificial altar of Ru.
  6390 | D:7      | Found a staircase to the Ecumenical Temple.
  6678 | D:8      | Noticed a hornet
  6686 | D:8      | Killed a hornet
  6689 | D:8      | Reached skill level 5 in Invocations
  6704 | D:8      | Reached ***** piety under Trog
  6775 | D:8      | Reached XP level 10. HP: 80/80 MP: 17/17
  6791 | D:8      | Reached skill level 5 in Short Blades
  6791 | D:8      | Reached skill level 5 in Axes
  6791 | D:8      | Reached skill level 5 in Maces & Flails
  6791 | D:8      | Reached skill level 5 in Polearms
  6791 | D:8      | Reached skill level 5 in Staves
  6791 | D:8      | Reached skill level 5 in Ranged Weapons
  6791 | D:8      | Reached skill level 5 in Throwing
  6791 | D:8      | Reached skill level 5 in Stealth
  6791 | D:8      | Reached skill level 5 in Shields
  6791 | D:8      | Reached skill level 5 in Unarmed Combat
  6791 | D:8      | Reached skill level 5 in Spellcasting
  6791 | D:8      | Reached skill level 5 in Evocations
  6971 | D:8      | Found a staircase to the Lair.
  7052 | D:9      | Identified the +0 pair of boots of Disappointment {rElec
                  | rPois}
  7133 | D:8      | Found a transporter.
  7138 | D:8      | Found a transporter.
  7157 | D:8      | Found a bloodstained altar of Trog.
  7305 | D:8      | Noticed Amaemon
  7306 | D:8      | Noticed an orange demon
  7311 | D:8      | HP: 4/82 [orange demon[Amaemon] (13)]
  7312 | D:8      | HP: 1/82 [scorpion[Amaemon] (1)]
  7313 | D:8      | Succumbed to Amaemon's poison

Illustrated notes

Levels and vault maps discovered:
D:1:      minmay_arrival_five_plusses, layout_loops_ring
D:2:      layout_basic, minmay_circle_x
D:3:      layout_loops_corners, nicolae_yredelemnul_ghost_church,
          mainiacjoe_overflow_24_doors, roderic_batcave
D:4:      black_bear_nest_1, layout_loops_corners, uniq_robin
D:5:      layout_loops_cross
D:6:      layout_basic, marbit_many_paths, nicolae_ru_sacrificial_ziggurat,
          cheibrodos_sewer_entry_drain, hangedman_decor_points
D:7:      layout_loops_ring, mainiacjoe_overflow_catwalk,
          minmay_temple_entry_hall
D:8:      layout_loops_ring, kennysheep_mini, due_lair_maze_entry_diamond,
          gammafunk_ghost_wrathful_warriors, special_room [special_room_orc],
          nicolae_grassy_gnolls, uniq_amaemon
D:9:      statuecave_lemuel, layout_long_grid, tso_altar

Skill      XL: |  1  2  3  4  5  6  7  8  9 10 |
---------------+-------------------------------+-----
Invocations    | 1 2 3 4 5 |  5.9
Short Blades   | 1 2 3 4 5 |  5.3
Axes           | 1 2 3 4 5 |  5.3
Maces & Flails | 1 2 3 4 5 |  5.3
Polearms       | 1 2 3 4 5 |  5.3
Staves         | 1 2 3 4 5 |  5.3
Ranged Weapons | 1 2 3 4 5 |  5.3
Throwing       | 1 2 3 4 5 |  5.3
Stealth        | 1 2 3 4 5 |  5.3
Shields        | 1 2 3 4 5 |  5.3
Unarmed Combat | 1 2 3 4 5 |  5.3
Spellcasting   | 1 2 3 4 5 |  5.3
Evocations     | 1 2 3 4 5 |  5.3
Shapeshifting  | 1 2 3 4 |  4.9
Conjurations   | 1 2 3 4 |  4.4
Hexes          | 1 2 3 4 |  4.4
Summonings     | 1 2 3 4 |  4.4
Necromancy     | 1 2 3 4 |  4.4
Translocations | 1 2 3 4 |  4.4
Transmutations | 1 2 3 4 |  4.4
Fire Magic     | 1 2 3 4 |  4.4
Ice Magic      | 1 2 3 4 |  4.4
Air Magic      | 1 2 3 4 |  4.4
Earth Magic    | 1 2 3 4 |  4.4
Poison Magic   | 1 2 3 4 |  4.4
Armour         | 5 6 7 |  7.1
Dodging        | 5 6 7 |  7.1
Fighting       | 7 8 |  8.5
Long Blades    | 7 8 |  8.5

Action                     |  1- 3 |  4- 6 |  7- 9 | 10-12 || total
---------------------------+-------+-------+-------+-------++-------
  Melee: Falchion          |    78 |     9 |   178 |       ||   265
         Bite              |    11 |    27 |    28 |     7 ||    73
         Punch             |     2 |     1 |       |       ||     3
         Dagger            |    30 |    44 |       |       ||    74
         Broad axe         |       |    94 |       |       ||    94
         Halberd           |       |    61 |       |       ||    61
         Demon blade       |       |       |   125 |   108 ||   233
 Invoke: Berserk           |       |     1 |       |       ||     1
    Use: Scroll            |       |       |       |     2 ||     2
 Armour: Leather armour    |    52 |       |       |       ||    52
         Skin              |     2 |       |       |       ||     2
         Plate armour      |     4 |   224 |   237 |   106 ||   571
  Dodge: Dodged            |    70 |   123 |   144 |    58 ||   395

Table legend: (Time is in decaauts)
 A = Elapsed time spent in this place.
 B = Non-inter-level travel time spent in this place.
 C = Inter-level travel time spent in this place.
 D = Time resting spent in this place.
 E = Time spent auto-exploring this place.
 F = Levels seen in this place.
 G = Mean time per level.
                   A        B        C        D        E       F      G
               +--------+--------+--------+--------+--------+-----+--------+
         Total |   7654 |   7652 |      2 |    762 |   3520 |   9 |  850.4 |
       Dungeon |   7654 |   7652 |      2 |    762 |   3520 |   9 |  850.4 |
               +--------+--------+--------+--------+--------+-----+--------+

Top non-repeatable levels by time:
     D:4: 1455 daAuts
     D:3: 1221 daAuts
     D:2: 933 daAuts
     D:6: 907 daAuts
     D:1: 852 daAuts
     D:7: 818 daAuts
     D:5: 731 daAuts
     D:8: 706 daAuts
     D:9: 29 daAuts
